 Dungeon Crawl Stone Soup version 0.29.1-12-g30fa7ad0bf (webtiles) character file.

Game seed: 4785831385828358796

5 Thatpatchoflichen the Sneak (level 1, 0/16 HPs)
             Began as a Vampire Brigand on Jan 18, 2023.
             Slain by a jackal (2 damage)
             ... on level 1 of the Dungeon.
             The game lasted 00:00:59 (167 turns).

Thatpatchoflichen the Sneak (Vampire Brigand)        Turns: 167, Time: 00:01:00

Health: 0/16       AC:  3    Str: 10    XL:     1   Next: 66%
Magic:  1/1        EV: 12    Int: 13    God:
Gold:   0          SH:  0    Dex: 15    Spells: 0/0 levels left

rFire   . . .      SeeInvis +   a - +2 dagger
rCold   . . .      Faith    .   (no shield)
rNeg    . . .      Spirit   .   b - +0 robe
rPois   .          Reflect  .   (no helmet)
rElec   .          Harm     .   c - +0 cloak
rCorr   .          Rampage  .   (no gloves)
Will    .....                   (no boots)
Stlth   +++.......              (no amulet)
HPRegen 0.25/turn               (no ring)
MPRegen 0.07/turn               (no ring)

@: healing quickly
A: alive, fangs 3, see invisible, vampiric 1
a: Exsanguinate


You were on level 1 of the Dungeon.
You visited 1 branch of the dungeon, and saw 1 of its levels.

Inventory:

Hand Weapons
 a - a +2 dagger (weapon)
Missiles
 d - 9 poisoned darts (quivered)
 e - 3 curare-tipped darts
Armour
 b - a +0 robe (worn)
 c - a +0 cloak (worn)
 g - a +0 leather armour
Scrolls
 h - a scroll of enchant armour {unknown}
Potions
 f - a potion of resistance {unknown}
 i - 2 potions of attraction {unknown}


   Skills:
 + Level 1.9 Fighting
 + Level 2.3 Short Blades
 - Level 1.5 Throwing
 + Level 1.3 Dodging
 - Level 6.0 Stealth


You couldn't memorise any spells.
You didn't know any spells.
Your spell library was empty.

Dungeon Overview and Level Annotations

Branches:
Dungeon (1/15)

Altars:

Shops:
D:1 [


Innate Abilities, Weirdness & Mutations

Your natural rate of healing is accelerated.
You have razor-sharp teeth.
You have supernaturally acute eyesight. (SInv)
You are afflicted with vampirism.


Message History

You hit the giant cockroach. Your bite misses the giant cockroach.
The giant cockroach is almost dead.
The jackal completely misses you. The giant cockroach barely misses you.
The jackal bites you but does no damage.
The jackal bites you.
You closely miss the giant cockroach.
The giant cockroach is almost dead.
The giant cockroach bites you but does no damage.
The jackal misses you. The jackal bites you.
You hit the jackal.
The jackal is moderately wounded.
The jackal misses you. The giant cockroach barely misses you.
The jackal misses you.
You hit the jackal but do no damage.
The jackal is moderately wounded.
The jackal bites you.
* * * LOW HITPOINT WARNING * * *
The jackal barely misses you.
The giant cockroach completely misses you.
The jackal barely misses you.
You hit the giant cockroach but do no damage.
The giant cockroach is almost dead.
The jackal bites you but does no damage.
The giant cockroach bites you but does no damage.
The jackal barely misses you. x2
You hit the giant cockroach.
You kill the giant cockroach!
The jackal bites you.
* * * LOW HITPOINT WARNING * * *
The jackal bites you but does no damage.
You hit the kobold.
You kill the kobold!
The jackal bites you but does no damage.
The jackal completely misses you.
Training target 6.0 for Stealth reached!
Your Stealth skill increases to level 6!
You hit the jackal.
The jackal is severely wounded.
The jackal bites you.
You die...

#... ##.... .
....# .. #.
....##. #.. #.#...
#..# #.#.#
#...#hh.# #.∩.#@)#
#......###
....#......#######
## #...#.#........
#..............
######.########
.#.........#..#
#...........#.#
#.....#.#.....##


You could see 2 jackals.

Vanquished Creatures
  A giant cockroach (D:1)
  2 jackals (D:1)
  A kobold (D:1)
4 creatures vanquished.

Notes
Turn   | Place    | Note
-------+----------+-------------------------------------------
     0 | D:1      | Thatpatchoflichen the Vampire Brigand began the quest for
                  | the Orb.
     0 | D:1      | Reached XP level 1. HP: 16/16 MP: 1/1
   143 | D:1      | Found Eduxur's Antique Armour Shoppe.
   167 | D:1      | Reached skill level 6 in Stealth
   167 | D:1      | Slain by a jackal

Illustrated notes

Levels and vault maps discovered:
D:1:      matt_arrival_grand_opening, layout_rooms,
          shapermc_ecumenical_altar_mp_vishouse, serial_shops,
          nicolae_shop_stone, st_stairs_1, minmay_tripent

Skill      XL: |  1 |
---------------+----+-----
Stealth        | 6 |  6.0
Fighting       | |  1.9
Short Blades   | |  2.3
Throwing       | |  1.5
Dodging        | |  1.3

Action                   || total
-------------------------++-------
Melee: Dagger            ||    18
       Bite              ||     1
Armor: Robe              ||    15
Dodge: Dodged            ||    24
